 Dungeon Sprint DCSS version 0.30.1-9-gdf580d7c3d (webtiles) character file.

Game seed: 4353401394344350589

54001 Heoruswealwe the Minotaur Porcupine (level 14, -26/159 HPs)
             Began as a Minotaur Fighter on Oct 12, 2023.
             Was an Initiate of Gozag.
             Annihilated by an ironbound frostheart (35 damage)
             ... in the Dungeon (Sprint IX: "|||||||||||||||||||||||||||||").
             The game lasted 00:40:45 (4120 turns).

Heoruswealwe the Minotaur Porcupine (MiFi)          Turns: 4120, Time: 00:40:45

Health: -26/159    AC: 34    Str: 27    XL:     14   Next: 33%
Magic:  13/13      EV: 12    Int: 11    God:    Gozag
Gold:   5231       SH:  4    Dex:  9    Spells: 13/13 levels left

rFire   + . .        b - +2 glaive (flame)
rCold   . . .        (shield currently unavailable)
rNeg    + + +        c - +0 plate armour of Urowaddun {rElec rN+ Stlth+}
rPois   .            g - +3 crown of Dyrovepreva {rElec Int+2 SInv}
rElec   +            h - +2 cloak
rCorr   .            f - +0 pair of gloves
SInv    +            e - +0 pair of boots
Will    +....        i - amulet of Foguehyo {Acrobat rN+++ Str+2} Stlth
                     k - +2 ring of protection
HPRegen 0.46/turn    j - ring "Vucwehia" {rF+ Slay+4 Stlth+}
MPRegen 0.13/turn

%: no teleportation, random rage (3%), acrobat
@: gold aura
A: horns 2, retaliatory headbutt, large bone plates 1, berserk 1, clever 1,
sense surroundings 1
a: Renounce Religion, Potion Petition, Call Merchant, Bribe Branch


You were in the Dungeon.
You worshipped Gozag.
Gozag was greatly pleased with you.
You visited 1 branch You collected 16844 gold pieces.
You spent 9320 gold pieces at shops.
You paid 2293 gold pieces to Gozag.

Inventory:

Hand Weapons
 a - a +0 trident
 b - a +2 glaive of flaming (weapon)
Armour
 c - the +0 plate armour of Urowaddun (worn) {rElec rN+ Stlth+}
   (You bought it in a shop in the Dungeon)

   rElec:     It insulates you from electricity.
   rN:        It protects you from negative energy.
   Stlth:     It makes you more stealthy.
 d - a +1 kite shield of positive energy
 e - a +0 pair of boots (worn)
 f - a +0 pair of gloves (worn)
 g - the +3 crown of Dyrovepreva (worn) {rElec Int+2 SInv}
   (You bought it in a shop in the Dungeon)

   Int:       It affects your intelligence (+2).
   rElec:     It insulates you from electricity.
   SInv:      It lets you see invisible.
 h - a +2 cloak (worn)
Jewellery
 i - the amulet of Foguehyo (around neck) {Acrobat rN+++ Str+2}
   (You acquired it in the Dungeon)

   [amulet of the acrobat]

   It increases your evasion while moving and waiting.
   Str:       It affects your strength (+2).
   rN:        It renders you almost immune to negative energy.
 j - the ring "Vucwehia" (right hand) {rF+ Slay+4 Stlth+}
   (You bought it in a shop in the Dungeon)

   [ring of slaying]

   Slay:      It affects your accuracy & damage with ranged weapons and melee
   (+4).
   rF:        It protects you from fire.
   Stlth:     It makes you more stealthy.
 k - a +2 ring of protection (left hand)
 o - a ring of protection from fire
 w - a ring of positive energy
 z - a ring of protection from fire
Wands
 t - a wand of roots (10)
 A - a wand of mindburst (5)
 D - a wand of charming (4)
Scrolls
 n - 5 scrolls of blinking
 q - 4 scrolls of enchant weapon
 r - 7 scrolls of identify
Potions
 m - 5 potions of might
 p - a potion of resistance
 u - a potion of berserk rage
 B - a potion of haste
Miscellaneous
 x - a lightning rod (4/4)
 y - a phial of floods
 C - a condenser vane
 E - a box of beasts


   Skills:
 + Level 24.2 Fighting
 O Level 27 Polearms
 + Level 24.2 Armour
 + Level 10.8 Dodging
 + Level 12.3 Shields
 + Level 9.1 Evocations


You had 13 spell levels left.
You didn't know any spells.
Your spell library was empty.

Dungeon Overview and Level Annotations

Branches:
Dungeon (1/1)

Altars:
Cheibriados
Dithmenos
Elyvilon
Fedhas
Gozag
Hepliaklqana
Kikubaaqudgha
Makhleb
Nemelex Xobeh
Okawaru
Qazlal
Ru
Sif Muna
Trog
Uskayaw
Vehumet
Wu Jian
Xom
Yredelemnul
Zin
The Shining One
Jiyva
Lugonu

Shops:
D **[!=?*


Innate Abilities, Weirdness & Mutations

You have a pair of horns on your head.
You reflexively headbutt those who attack you in melee.
You are partially covered in large bone plates. (SH +4)
You sometimes lose your temper in combat.
Your mind is acute. (Int +4, Str/Dex -1)
You passively map a small area around you.


Message History

The ice encasing you melts away.
A centaur warrior comes into view.
The ironbound frostheart is distracted by your dazzling golden aura.
You barely miss the ironbound thunderhulk.
The ironbound thunderhulk is severely wounded.
The ironbound thunderhulk closely misses you.
The ironbound frostheart shouts!
You dice the ironbound thunderhulk like an onion!!!
You burn the ironbound thunderhulk.
You kill the ironbound thunderhulk!
Your Evocations skill increases to level 9!
A great orb of eyes comes into view.
The great orb of eyes turns its gaze towards you.
The vault sentinel blows a loud note on a signal horn!
Things that are here:
207 gold pieces; a +0 dire flail; a +0 animal skin A vault sentinel comes into view.
It is wielding a +0 falchion.
The vault sentinel shouts!
The ironbound convoker points at the vault sentinel and mumbles some strange words.
The vault sentinel seems to grow stronger.
Things that are here:
72 gold pieces; a +0 morningstar; a +0 leather armour You slash the ironbound frostheart!
You burn the ironbound frostheart!
The ironbound frostheart is no longer distracted by gold.
You headbutt the ironbound frostheart.
The ironbound frostheart is moderately wounded.
The centaur warrior is distracted by your dazzling golden aura.
The ironbound frostheart touches you!! The ironbound frostheart freezes you!!
* * * LOW HITPOINT WARNING * * *
The centaur warrior shouts!
You slice the ironbound frostheart!! You burn the ironbound frostheart.
The ironbound frostheart is almost dead.
The sphinx is distracted by your dazzling golden aura.
The great orb of eyes is distracted by your dazzling golden aura.
The vault sentinel blows a loud note on a signal horn!
The ironbound frostheart touches you!
* * * LOW HITPOINT WARNING * * *
The ironbound frostheart freezes you!!
You die...
Your body crumbles into a pile of gold.

.▓.▓.▓.▓)▓.♣.♣.▓,*,*,*,*,*,*,*,*,
.▓.▓∩▓.▓(▓.♣.♣.▓p▓,*,*,*,*,*,*,*,
.▓.▓.▓.▓)▓.♣'♣.▓G▓,*,*,*,*,*$*,*,
.▓.▓.▓.▓.▓.▓.▓.▓c▓,*,*,*,*,*,*,*,
.▓.▓.▓.▓)▓.▓.▓.▓H▓,*,*,*,*,*,*,*,
.▓.▓[▓.▓'▓.▓.▓.▓p▓,*,*,*,*,*,*,*,
'▓.▓[▓.▓.▓.▓.▓.▓p▓,*,*,*,*,*$*,*,
.▓.▓'▓.▓.▓.▓.▓.▓p▓,*,*,*,*,*,*,*,
.▓.▓.▓.▓.▓.▓.▓.▓@▓,*,*,*,*,*,*,*,
.▓.▓.▓.▓.▓.▓.▓.▓$▓,*,*,*,*,*,*,*,
.▓.▓.▓.▓.▓.▓.▓.▓$▓,*,*,*,*,*,*,*,
.▓.▓.▓.▓.▓.▓.▓.▓'▓,*,*,*,*,*+*,*,
.▓.▓.▓.▓.▓.▓'▓.▓.▓,*,*,*+*,*,*,*,
.▓.▓)▓.▓.▓.▓.▓.▓.▓,*,*,*,*,*,*,*,
.▓.▓)▓.▓.▓.▓.▓.▓.▓,*,*,*,*,*,*,*,
.▓.▓)▓.▓.▓.▓.▓.▓.▓,*,*,*,*,*,*,*,
'▓.▓)▓.▓[▓.▓.▓.▓.▓,*,*,*,*,*,*,*,


You could see a sphinx (unaware), a great orb of eyes (unaware), an ironbound
frostheart (strong), a centaur warrior, 2 vault sentinels and an ironbound
convoker.

Vanquished Creatures
  Saint Roka (D)
  2 sphinxes (D)
  Frances (D)
  A fire giant (D)
  3 frost giants (D)
  An ironbound preserver (D)
  An ironbound thunderhulk (D)
  A very ugly thing (D)
  6 stone giants (D)
  Josephine (D)
  3 ettins (D)
  A rakshasa (D)
  2 hydras (D)
  An ogre mage (D)
  Erica (D)
  2 ice dragons (D)
  3 centaur warriors (D)
  An alligator (D)
  A catoblepas (D)
  A death yak (D)
  A naga warrior (D)
  2 deep troll shamans (D)
  A two-headed ogre (D)
  A tengu warrior (D)
  A deep troll earth mage (D)
  3 orc high priests (D)
  A shock serpent (D)
  Sonja (D)
  A skeletal warrior (D)
  A goliath frog (D)
  2 swamp dragons (D)
  2 naga ritualists (D)
  A lindwurm (D)
  A necromancer (D)
  A steelbarb worm (D)
  4 orc knights (D)
  3 manticores (D)
  An orc sorcerer (D)
  4 ugly things (D)
  2 will-o-the-wisps (D)
  6 black mambas (D)
  A moth of wrath (D)
  A cyclops (D)
  A guardian serpent (D)
  2 cane toads (D)
  2 demonic crawlers (D)
  A gargoyle (D)
  An unseen horror (D)
  An efreet (D)
  A yaktaur (D)
  A kobold demonologist (D)
  4 tyrant leeches (D)
  2 tarantellas (D)
  2 dream sheep (D)
  2 blink frogs (D)
  3 snapping turtles (D)
  2 slime creatures (D)
  3 water elementals (D)
  A culicivora (D)
  A shadow (D)
  2 wyverns (D)
  3 wraiths (D)
  A basilisk (shapeshifter) (D)
  2 yaks (D)
  2 redbacks (D)
  A warg (D)
  2 water moccasins (D)
  11 orc warriors (D)
  2 ogres (D)
  4 bullfrogs (D)
  A killer bee (D)
  2 orc priests (D)
  6 orc wizards (D)
  An adder (D)
  4 worms (D)
  A dart slug (D)
  An adder simulacrum (D)
  17 orcs (D)
  A goblin (D)
  A ball python (D)
  A bat (D)
  A frilled lizard (D)
173 creatures vanquished.

Notes
Turn   | Place    | Note
-------+----------+-------------------------------------------
     0 | D        | Heoruswealwe the Minotaur Fighter began the quest for the
                  | Orb.
     0 | D        | Reached XP level 1. HP: 19/19 MP: 0/0
    10 | D        | Reached skill level 3 in Polearms
    26 | D        | Noticed an ogre
    26 | D        | Noticed an ogre
    28 | D        | Reached skill level 4 in Polearms
    28 | D        | Reached XP level 2. HP: 28/28 MP: 1/1
    33 | D        | Killed an ogre
    34 | D        | Reached skill level 7 in Polearms
    34 | D        | Reached XP level 3. HP: 28/37 MP: 2/2
    34 | D        | Reached XP level 4. HP: 33/44 MP: 3/3
    38 | D        | Reached skill level 8 in Polearms
    41 | D        | Killed an ogre
    42 | D        | Reached skill level 9 in Polearms
    42 | D        | Reached XP level 5. HP: 24/52 MP: 4/4
    48 | D        | Found a snail-covered altar of Cheibriados.
    48 | D        | Found a shadowy altar of Dithmenos.
    48 | D        | Found a white marble altar of Elyvilon.
    48 | D        | Found a blossoming altar of Fedhas.
    48 | D        | Found an opulent altar of Gozag.
    49 | D        | Found a hazy altar of Hepliaklqana.
    50 | D        | Found a viscous altar of Jiyva.
    51 | D        | Found an ancient bone altar of Kikubaaqudgha.
    52 | D        | Found a corrupted altar of Lugonu.
    53 | D        | Found a burning altar of Makhleb.
    54 | D        | Found a sparkling altar of Nemelex Xobeh.
    55 | D        | Found an iron altar of Okawaru.
    56 | D        | Became a worshipper of Gozag Ym Sagoz the Greedy
    57 | D        | Found a stormy altar of Qazlal.
    58 | D        | Found a sacrificial altar of Ru.
    59 | D        | Found a shimmering blue altar of Sif Muna.
    60 | D        | Found a bloodstained altar of Trog.
    61 | D        | Found a hide-covered altar of Uskayaw.
    62 | D        | Found a radiant altar of Vehumet.
    63 | D        | Found an ornate altar of the Wu Jian Council.
    64 | D        | Found a shimmering altar of Xom.
    65 | D        | Found a basalt altar of Yredelemnul.
    66 | D        | Found a glowing silver altar of Zin.
    67 | D        | Found a glowing golden altar of the Shining One.
   144 | D        | Noticed a two-headed ogre
   144 | D        | Noticed a wyvern
   144 | D        | Noticed a kobold demonologist
   144 | D        | Noticed a yak
   146 | D        | Killed a yak
   147 | D        | Reached skill level 11 in Polearms
   147 | D        | Reached XP level 6. HP: 62/62 MP: 5/5
   160 | D        | Noticed a neqoxec
   160 | D        | Killed a kobold demonologist
   161 | D        | Reached skill level 10 in Fighting
   161 | D        | Reached skill level 13 in Polearms
   161 | D        | Reached skill level 10 in Armour
   161 | D        | Reached XP level 7. HP: 63/72 MP: 6/6
   163 | D        | Killed a wyvern
   167 | D        | Killed a two-headed ogre
   168 | D        | Reached skill level 15 in Polearms
   168 | D        | Reached XP level 8. HP: 75/83 MP: 7/7
   176 | D        | Killed an unseen horror
   177 | D        | Reached skill level 16 in Polearms
   196 | D        | Noticed a centaur warrior
   196 | D        | Noticed a gargoyle
   196 | D        | Noticed a purple ugly thing
   196 | D        | Noticed a slime creature
   196 | D        | Noticed an efreet
   199 | D        | Killed an efreet
   203 | D        | Killed a slime creature
   218 | D        | Killed a purple ugly thing
   219 | D        | Reached skill level 17 in Polearms
   219 | D        | Reached XP level 9. HP: 85/93 MP: 8/8
   222 | D        | Killed a gargoyle
   223 | D        | Reached skill level 18 in Polearms
   226 | D        | Killed a centaur warrior
   374 | D        | Noticed a cane toad
   382 | D        | Reached skill level 19 in Polearms
   390 | D        | Killed a cane toad
   391 | D        | Reached XP level 10. HP: 103/104 MP: 9/9
   432 | D        | Noticed a death yak
   432 | D        | Noticed a catoblepas
   436 | D        | Noticed a black mamba
   437 | D        | Killed a catoblepas
   438 | D        | Reached skill level 15 in Fighting
   438 | D        | Reached skill level 20 in Polearms
   438 | D        | Reached skill level 15 in Armour
   438 | D        | Noticed a cane toad
   452 | D        | Killed a death yak
   453 | D        | Noticed a black mamba
   466 | D        | Reached skill level 21 in Polearms
   476 | D        | Killed a black mamba
   478 | D        | Killed a cane toad
   484 | D        | Killed a black mamba
   698 | D        | Noticed a lindwurm
   714 | D        | Killed a lindwurm
   715 | D        | Reached skill level 22 in Polearms
   715 | D        | Reached XP level 11. HP: 49/115 MP: 10/10
   921 | D        | Noticed Sonja
   939 | D        | Killed Sonja
  1204 | D        | Noticed a stone giant
  1218 | D        | Killed a stone giant
  1288 | D        | Noticed an orc knight
  1299 | D        | Killed an orc knight
  1300 | D        | Reached skill level 23 in Polearms
  1304 | D        | Noticed an orc knight
  1327 | D        | Killed an orc knight
  1456 | D        | Found Wicu's Magic Scroll Boutique.
  1456 | D        | Noticed an orc sorcerer
  1456 | D        | Noticed an orc high priest
  1458 | D        | Noticed a soul eater
  1462 | D        | Noticed a sun demon
  1463 | D        | Killed an orc high priest
  1468 | D        | Found Qethihoy's Jewellery Shop.
  1468 | D        | Noticed an orc knight
  1472 | D        | Killed an orc sorcerer
  1475 | D        | Found Emuinikis's Distillery.
  1476 | D        | Noticed an orc high priest
  1480 | D        | Killed an orc knight
  1481 | D        | Reached skill level 24 in Polearms
  1481 | D        | Noticed an orc knight
  1482 | D        | Found Vesudu Onna's Armour Shop.
  1483 | D        | Noticed an orc high priest
  1487 | D        | Killed an orc high priest
  1491 | D        | Killed an orc knight
  1492 | D        | Noticed a sixfirhy
  1499 | D        | Noticed a sixfirhy
  1501 | D        | Killed an orc high priest
  1582 | D        | Bought a scroll of poison for 40 gold pieces
  1582 | D        | Bought a scroll of identify for 20 gold pieces
  1582 | D        | Bought a scroll of identify for 20 gold pieces
  1582 | D        | Bought a scroll of magic mapping for 75 gold pieces
  1582 | D        | Bought a scroll of vulnerability for 40 gold pieces
  1582 | D        | Bought a scroll of butterflies for 40 gold pieces
  1598 | D        | Bought a potion of mutation for 112 gold pieces
  1598 | D        | Bought a potion of mutation for 112 gold pieces
  1598 | D        | Bought a potion of mutation for 112 gold pieces
  1598 | D        | Bought a potion of berserk rage for 70 gold pieces
  1598 | D        | Bought a potion of mutation for 112 gold pieces
  1598 | D        | Bought a potion of heal wounds for 70 gold pieces
  1598 | D        | Bought a potion of ambrosia for 112 gold pieces
  1598 | D        | Bought a potion of brilliance for 56 gold pieces
  1598 | D        | Bought a potion of heal wounds for 70 gold pieces
  1617 | D        | Bought a +2 cloak for 198 gold pieces
  1656 | D        | Bought the ring "Vucwehia" {rF+ Slay+4 Stlth+} for 948 gold
                  | pieces
  1680 | D        | Bought a scroll of identify for 64 gold pieces
  1680 | D        | Bought a gilded ring for 160 gold pieces
  1680 | D        | Bought a jewelled plate armour for 896 gold pieces
  1680 | D        | Identified the +0 plate armour of Urowaddun {rElec rN+
                  | Stlth+} (You bought it in a shop in the Dungeon)
  1680 | D        | Bought a phial of floods for 1280 gold pieces
  1680 | D        | Bought a potion of curing for 96 gold pieces
  1680 | D        | Bought a potion of might for 128 gold pieces
  1680 | D        | Bought a knobbly ivory ring for 160 gold pieces
  1680 | D        | Bought a runed glass wand for 128 gold pieces
  1718 | D        | Bought a scroll of identify for 26 gold pieces
  1718 | D        | Bought a lightning rod (4/4) for 390 gold pieces
  1718 | D        | Bought 3 scrolls of identify for 78 gold pieces
  1733 | D        | Gained mutation: You are somewhat resistant to further
                  | mutation. [potion of mutation]
  1734 | D        | Lost mutation: You are somewhat resistant to further
                  | mutation. [potion of mutation]
  1734 | D        | Gained mutation: Potions are less effective at restoring
                  | your health. [potion of mutation]
  1734 | D        | Gained mutation: Your muscles are strong. (Str +4, Int/Dex
                  | -1) [potion of mutation]
  1735 | D        | Lost mutation: Your muscles are strong. (Str +4, Int/Dex
                  | -1) [potion of mutation]
  1735 | D        | Lost mutation: Potions are less effective at restoring your
                  | health. [potion of mutation]
  1735 | D        | Gained mutation: You have very sharp teeth. [potion of
                  | mutation]
  1735 | D        | Gained mutation: You are robust. (+10% HP) [potion of
                  | mutation]
  1736 | D        | Lost mutation: You are robust. (+10% HP) [potion of
                  | mutation]
  1736 | D        | Lost mutation: You have very sharp teeth. [potion of
                  | mutation]
  1736 | D        | Gained mutation: You occasionally lose the ability to read
                  | scrolls when taking damage. [potion of mutation]
  1736 | D        | Gained mutation: Your body sometimes deteriorates upon
                  | taking damage. [potion of mutation]
  1736 | D        | Gained mutation: You have sharp fingernails. [potion of
                  | mutation]
  1737 | D        | Lost mutation: You occasionally lose the ability to read
                  | scrolls when taking damage. [potion of mutation]
  1737 | D        | Lost mutation: You have sharp fingernails. [potion of
                  | mutation]
  1737 | D        | Gained mutation: You passively map a small area around you.
                  | [potion of mutation]
  1737 | D        | Gained mutation: Your spells are a little easier to cast,
                  | but a little less powerful. [potion of mutation]
  1737 | D        | Gained mutation: Your mind is acute. (Int +4, Str/Dex -1)
                  | [potion of mutation]
  1743 | D        | Noticed Josephine
  1754 | D        | Killed Josephine
  1757 | D        | Reached XP level 12. HP: 128/128 MP: 11/11
  1795 | D        | Noticed Erica
  1804 | D        | Killed Erica
  1805 | D        | Reached skill level 25 in Polearms
  1911 | D        | Lost mutation: Your body sometimes deteriorates upon taking
                  | damage. [potion of mutation]
  1911 | D        | Lost mutation: Your spells are a little easier to cast, but
                  | a little less powerful. [potion of mutation]
  1911 | D        | Gained mutation: You are partially covered in large bone
                  | plates. (SH +4) [potion of mutation]
  1911 | D        | Gained mutation: You sometimes lose your temper in combat.
                  | [potion of mutation]
  1921 | D        | Noticed a centaur warrior
  1921 | D        | Noticed an ogre mage
  1922 | D        | Noticed a centaur warrior
  1929 | D        | Killed an ogre mage
  1932 | D        | Noticed an ettin
  1934 | D        | Noticed a deep troll earth mage
  1936 | D        | Killed a centaur warrior
  1939 | D        | Noticed a stone giant
  1944 | D        | Noticed a frost giant
  1951 | D        | Killed a centaur warrior
  1952 | D        | Killed an ettin
  1953 | D        | Reached skill level 26 in Polearms
  1954 | D        | Noticed a frost giant
  1957 | D        | Noticed a rakshasa
  1958 | D        | Killed a deep troll earth mage
  1961 | D        | Killed a stone giant
  1965 | D        | Killed a frost giant
  1976 | D        | Killed a frost giant
  1990 | D        | Killed a rakshasa
  1991 | D        | Reached skill level 27 in Polearms
  2224 | D        | Noticed Frances
  2232 | D        | Killed Frances
  2460 | D        | Bought the +3 crown of Dyrovepreva {rElec Int+2 SInv} for
                  | 1159 gold pieces
  2460 | D        | Found the +3 crown of Dyrovepreva {rElec Int+2 SInv}
  2460 | D        | Bought a scroll labelled DEOBUY GOCVE for 28 gold pieces
  2460 | D        | Bought a thin golden amulet for 140 gold pieces
  2460 | D        | Bought a potion of heal wounds for 140 gold pieces
  2473 | D        | Acquired the amulet of Foguehyo {Acrobat rN+++ Str+2}
  2499 | D        | Noticed a naga warrior
  2513 | D        | Killed a naga warrior
  2526 | D        | Reached XP level 13. HP: 45/143 MP: 12/12
  2807 | D        | Reached skill level 1 in Dodging
  2810 | D        | Reached skill level 1 in Evocations
  2898 | D        | Reached skill level 5 in Shields
  2966 | D        | Bought a condenser vane for 1120 gold pieces
  2966 | D        | Bought a box of beasts for 1120 gold pieces
  3025 | D        | Reached skill level 5 in Dodging
  3051 | D        | Reached skill level 5 in Evocations
  3404 | D        | Noticed Saint Roka
  3424 | D        | Killed Saint Roka
  3638 | D        | Noticed an ettin
  3638 | D        | Noticed a sphinx
  3638 | D        | Noticed a fire giant
  3638 | D        | Noticed a frost giant
  3638 | D        | Noticed a stone giant
  3640 | D        | Killed a stone giant
  3647 | D        | Killed a frost giant
  3653 | D        | Killed a fire giant
  3660 | D        | Killed a sphinx
  3663 | D        | Killed an ettin
  3664 | D        | Reached skill level 10 in Shields
  3664 | D        | Noticed a stone giant
  3672 | D        | Noticed an ettin
  3674 | D        | Noticed a white very ugly thing
  3680 | D        | Reached XP level 14. HP: 57/157 MP: 13/13
  3680 | D        | Noticed a sphinx
  3686 | D        | Noticed a stone giant
  3694 | D        | Killed a stone giant
  3698 | D        | HP: 3/158 [white very ugly thing (29)]
  3707 | D        | Killed a white very ugly thing
  3709 | D        | Noticed a stone giant
  3719 | D        | Killed a sphinx
  3720 | D        | Reached skill level 10 in Dodging
  3732 | D        | Killed a stone giant
  3737 | D        | Killed a stone giant
  4101 | D        | Noticed an ironbound preserver
  4101 | D        | Noticed an ironbound thunderhulk
  4105 | D        | Noticed a sphinx
  4112 | D        | Killed an ironbound preserver
  4116 | D        | Killed an ironbound thunderhulk
  4120 | D        | Annihilated by an ironbound frostheart

Illustrated notes

Levels and vault maps discovered:
D:        linesprint [early_d, line_temple, items_1, d_10, items_2, lair_1,
          lair_end, items_3, orc_1, orc_end, items_4, d_15, swamp_1, shoals_1,
          snake_1, spider_1, d_20, vaults_1, items_5, swamp_end, shoals_end,
          snake_end, spider_end, vaults_end, d_27, items_6, zot_1, zot_end,
          crypt_end, forest_end, elf_end, slime_end, tomb_end, abyss_end,
          pan_hell_end]

Skill      XL: |  1  2  3  4  5  6  7  8  9 10 11 12 13 14 |
---------------+-------------------------------------------+-----
Fighting       | 4 6 7 8 10 11 13 14 16 18 21 23 24 | 24.2
Polearms       | 4 7 9 11 13 15 17 19 22 24 27 | 27.0
Armour         | 4 6 7 8 10 11 13 14 16 18 21 23 24 | 24.2
Dodging        | 8 10 | 10.8
Shields        | 10 12 | 12.3
Evocations     | 7 9 |  9.1

Action                     |  1- 3 |  4- 6 |  7- 9 | 10-12 | 13-15 || total
---------------------------+-------+-------+-------+-------+-------++-------
  Melee: Trident           |    20 |     8 |       |       |       ||    28
         Headbutt          |     1 |     4 |    13 |    62 |    41 ||   121
         Halberd           |       |    16 |    60 |   180 |       ||   256
         Glaive            |       |       |       |   136 |   198 ||   334
 Invoke: Call Merchant     |       |       |       |     3 |       ||     3
    Use: Potion            |       |       |       |     9 |    17 ||    26
         Scroll            |       |       |       |     3 |     1 ||     4
   Stab: Distracted        |       |       |     2 |       |     4 ||     6
 Armour: Scale mail        |     5 |     3 |       |       |       ||     8
         Plate armour      |       |     6 |    28 |   119 |    62 ||   215
  Dodge: Dodged            |     6 |     6 |     8 |    64 |    55 ||   139
  Block: Buckler           |     6 |       |       |       |       ||     6
         Other             |       |       |       |     9 |    18 ||    27
